Construct Section Command Post
Construct Platoon Command Post
Unlock Bishop Self-propelled Artillery
Bishop Self-propelled Artillery
Bishop Self-propelled Artillery
6-pounder Anti-tank Gun Team
Bishop Self-propelled Artillery
Selects Indian Artillery Battlegroup
Selects Artillery Saturation
Selects Off-map Airburst Barrage
Construct Company Command Post
Selects Gurkha Rifles Section
Unlock M3 Grant Medium Tanks
Selects Volunteer Infantry
Selects Perimeter Monitor